[Event "Late-Titled-Tuesday-Blitz-April-23-2024"]
[Site "Chess.com"]
[Date "2024.04.23"]
[Round "3"]
[White "ChessSwole"]
[Black "IraZyne"]
[Result "1/2-1/2"]
[WhiteElo "2699"]
[BlackElo "2343"]
[TimeControl "180+1"]
[EndTime "14:30:27 PDT"]
[Termination "Game drawn by agreement"]

1. d4 c5 2. d5 e5 3. Nc3 Bd6 4. Nf3 Qe7 5. e4 Bc7 6. d6 Qxd6 7. Qe2 a6 8. Bg5 Nc6 9. Nd5 Nd4 10. Nxd4 cxd4 11.
Qc4 Bd8 12. Bd2 b5 13. Qb3 Bb7 14. Bb4 Qe6 15. a4 Nf6 16. Nxf6+ Bxf6 17. axb5 Qxb3 18.
cxb3 axb5 19. Rxa8+ Bxa8 20. f3 d5 21. Bxb5+ Kd8 22.
O-O dxe4 23. Ra1 Bb7 24. fxe4 g6 25. Bc4 Kc7 26. Ba5+ Kd6 27. Bb4+ Kc7 28. Rf1 Bg5 29. Rxf7+ Kb6 30. Bd3 Rc8 31. Bd6 Be3+ 32. Kf1 Rc1+ 33.
Ke2 Rg1 34. Bc7+ Kc6 35. Bxe5 Rxg2+ 36. Kd1 Rxb2 37. Bc4 Kb6 38. Rxh7 Bxe4 39. Rh3 g5 40.
Rxe3 Rb1+ 41. Ke2 dxe3 42. Kxe3 Bc2 43. Bd4+ Kc6 44. Bf6 Bxb3 45. Be2 Rh1 46. Bf3+ Bd5 47. Bxh1 Bxh1 48. Bxg5 Kd6 49. Kf4 Ke6 50. Kg3 Kf7 51. Be3 Kg6 52. Kf4 Kh5 53. Bg1 Bc6 54. Bf2 Bb5 55. Bg3 Be2 56. Ke5 Bd1 57. Kd4 Be2 58. Kc3 Bd1 59. Kd3 Bg4 60. Ke3 Bd1 61. Kf4 Be2 62.
h3 Bd1 63. Ke3 Bc2 64. Kd4 Bd1 65. Kd3 Ba4 66. h4 Kg4 67. Be1 Be8 68. Kd4 Bh5 69. Ke5 Be8 70. Kf6 Bh5 71. Ke6 Be8 72. Ke5 Kh5 73.
Ke4 Bd7 74. Kf4 Bg4 75. Bf2 Bd1 76. Ke5 Bg4 77. Kd4 1/2-1/2

[Event "Late-Titled-Tuesday-Blitz-April-23-2024"]
[Site "Chess.com"]
[Date "2024.04.23"]
[Round "3"]
[White "Firouzja2003"]
[Black "bascheyaro"]
[Result "1-0"]
[WhiteElo "3108"]
[BlackElo "2805"]
[TimeControl "180+1"]
[EndTime "14:30:28 PDT"]
[Termination "Firouzja2003 won by resignation"]

1. e4 e6 2. d4 d5 3. e5 c5 4. c3 Qb6 5. Nf3 Bd7 6. Be2 Bb5 7. Bxb5+ Qxb5 8. a4 Qd7 9. O-O a6 10. Re1 Nc6 11. h3 Rc8 12. Be3 cxd4 13. cxd4 Bb4 14. Nbd2 Nge7 15. Re2 Na5 16. Nf1 Nf5 17. Qd3 h5 18. Bf4 Rc4 19. Ne3 Nxe3 20. fxe3 Qc6 21. Rf2 Rc1+ 22. Rxc1 Qxc1+ 23. Kh2 Qc4 24. Qd1 Qb3 25.
Qc1 Nc4 26. Ng5 Qd3 27. Rf3 h4 28. e4 Qxd4 29. exd5 Bc5 30. dxe6 Nxe5 31. exf7+ Kd7 32. Rc3 Bd6 33. Nf3 Qxf4+ 34. Qxf4 Ng4+ 35. hxg4 Bxf4+ 36. Kh3 Ke7 37. Rb3 Rb8 38. Nxh4 Kxf7 39. Rf3 g5 40.
g3 Rh8 41. Kg2 gxh4 42. gxf4 Kf6 43. Kh3 Rd8 44. Kxh4 Rd4 45. b3 b5 46. axb5 axb5 47.
Kg3 b4 48. Re3 Rd2 49. g5+ Kg6 50. Re6+ Kf7 51. Re3 Rc2 52. Kg4 Rc3 53. Rh3 Kg6 54.
f5+ Kg7 55. f6+ Kf7 56. Rf3 Rc5 57. g6+ Kxg6 58. f7 Rg5+ 59. Kh3 Rh5+ 60. Kg2 1-0

[Event "Late-Titled-Tuesday-Blitz-April-23-2024"]
[Site "Chess.com"]
[Date "2024.04.23"]
[Round "3"]
[White "Angry_Twin"]
[Black "Hamisandwich"]
[Result "1/2-1/2"]
[WhiteElo "2922"]
[BlackElo "2731"]
[TimeControl "180+1"]
[EndTime "14:30:28 PDT"]
[Termination "Game drawn - insufficient material"]

1. e4 c6 2. Nf3 d5 3. d3 dxe4 4. dxe4 Qxd1+ 5. Kxd1 Nf6 6. Nbd2 Rg8 7. Ne1 g5 8. Nd3 h5 9. f3 g4 10. c3 h4 11. f4 Nbd7 12. e5 Nh5 13. Ne4 Nb6 14. Ndc5 Bf5 15. Bd3 Nd5 16. Nxb7 Nhxf4 17. Bxf4 Nxf4 18.
Rf1 Nxd3 19. Rxf5 Rb8 20. Kc2 Nxb2 21. Na5 Na4 22. Rb1 Rxb1 23. Kxb1 Kd7 24. Rxf7 Ke6 25. Rf4 Kxe5 26. g3 hxg3 27. hxg3 Bh6 28. Nxc6+ Kd5 29. Nxe7+ Ke6 30. Nxg8 Bxf4 31. gxf4 Kf5 32. Ngf6 Kxf4 33. Kc2 g3 34. Nxg3 Kxg3 35. Kb3 Nb6 36. c4 Kf4 37. c5 Nc8 38. Kc4 Ke5 39. Nd5 Ke6 40. a4 Kd7 41. Kb5 Ke6 42. Nb4 Kd7 43. Ka6 Kc7 44. a5 Kb8 45.
Nc6+ Kc7 46. Nxa7 Ne7 47. Kb5 Kb7 48. Nc6 Nxc6 49. a6+ Kc7 50. a7 Nxa7+ 51. Ka6 Nc8 52. Kb5 Kb7 53. c6+ Kc7 54. Kc5 Na7 55. Kc4 Nxc6 1/2-1/2

[Event "Late-Titled-Tuesday-Blitz-April-23-2024"]
[Site "Chess.com"]
[Date "2024.04.23"]
[Round "3"]
[White "Nicolik"]
[Black "profedechess93"]
[Result "1-0"]
[WhiteElo "2515"]
[BlackElo "2674"]
[TimeControl "180+1"]
[EndTime "14:30:28 PDT"]
[Termination "Nicolik won by checkmate"]

1. d4 d5 2. Nc3 Nf6 3. Bf4 a6 4. e3 c5 5. dxc5 e6 6. Nf3 Bxc5 7. Bd3 Nc6 8. O-O O-O 9. e4 d4 10.
e5 dxc3 11. exf6 gxf6 12. bxc3 Kh8 13. Nd2 f5 14. Qh5 Qf6 15. Nb3 Ba7 16. Rae1 Rg8 17. c4 e5 18. Bg3 e4 19. Be2 f4 20. Bh4 Qg7 21. g3 Bh3 22. c5 Bxf1 23. Rxf1 Rae8 24. Bc4 Ne5 25. Be2 Bb8 26. Nd4 f3 27. Bd1 Qg6 28. Qxg6 hxg6 29. Bf6+ Kh7 30. c3 Ng4 31. Bg5 f6 32. Bc1 Rgf8 33. h3 Ne5 34. Ba3 Rh8 35. Bc2 f5 36. Rb1 Kh6 37. Rxb7 g5 38. Bc1 Kg6 39. g4 Nd3 40. gxf5+ Kh5 41. Be3 Kh4 42.
Rg7 Reg8 43. Rb7 g4 44. hxg4 Rxg4+ 45. Kf1 Kh3 46. Bxd3 exd3 47. c6 Bh2 48. Ke1 Bf4 49.
Bxf4 Rxf4 50. Kd2 Rc8 51. Kxd3 Kg2 52. Ke3 Rh4 53. Rg7+ Kf1 54. Nxf3 Rc4 55. Rg1# 1-0

[Event "Late-Titled-Tuesday-Blitz-April-23-2024"]
[Site "Chess.com"]
[Date "2024.04.23"]
[Round "3"]
[White "Hakiki_satranc"]
[Black "martinmena"]
[Result "1-0"]
[WhiteElo "2396"]
[BlackElo "2152"]
[TimeControl "180+1"]
[EndTime "14:30:28 PDT"]
[Termination "Hakiki_satranc won by checkmate"]

1. d4 d5 2. c4 e6 3. Nf3 Nf6 4. Bg5 Be7 5. e3 O-O 6. Qc2 Ne4 7. Bxe7 Qxe7 8. Nbd2 f5 9. Ne5 Nd7 10. Nxd7 Bxd7 11.
c5 a6 12. Nf3 Bb5 13. Bd3 Bxd3 14. Qxd3 b6 15. cxb6 cxb6 16. O-O b5 17. Rac1 Rac8 18.
Ne5 Qb4 19. Qe2 Qd2 20. Qxd2 Nxd2 21. Rfd1 Nc4 22. Nd3 a5 23. b3 Nd6 24. Rc5 Ne4 25.
Rxc8 Rxc8 26. f3 Nc3 27. Rd2 Nb1 28. Rd1 Na3 29. Nc5 Kf7 30. Kf2 b4 31. Rd2 Nb5 32. Nd7 Nc3 33. Ne5+ Ke7 34. Ke1 g6 35. Rc2 Rh8 36. h4 Rc8 37. a4 bxa3 38. Rc1 a2 39.
Ra1 Rc7 40. Nd3 Rb7 41. Nc5 Rb5 42. Kd2 a4 43. Kxc3 axb3 44. Nxb3 Rb6 45. Rxa2 Rc6+ 46. Kd3 Kf6 47. Ra7 Rb6 48. Nc5 Rb2 49. Nd7+ Ke7 50. Ne5+ Ke8 51. Ra8+ Ke7 52. Ra7+ Kd6 53. Rd7# 1-0

[Event "Late-Titled-Tuesday-Blitz-April-23-2024"]
[Site "Chess.com"]
[Date "2024.04.23"]
[Round "3"]
[White "AniJak"]
[Black "campochess"]
[Result "1/2-1/2"]
[WhiteElo "2385"]
[BlackElo "2153"]
[TimeControl "180+1"]
[EndTime "14:30:28 PDT"]
[Termination "Game drawn - insufficient material"]

1. e4 c5 2. Nf3 Nc6 3. d4 cxd4 4.
Nxd4 e5 5. Nb5 a6 6. Nd6+ Bxd6 7. Qxd6 Qe7 8. Qd1 Nf6 9. Nc3 d6 10. Bg5 Be6 11. Be2 Rd8 12. Nd5 Bxd5 13. exd5 Nb8 14. O-O Nbd7 15. Kh1 h6 16. Bh4 Nf8 17. f4 Ng6 18.
fxe5 dxe5 19. Bxf6 gxf6 20. c4 b6 21. Bh5 Nf4 22.
Qf3 Rg8 23. g3 Nxh5 24. Qxh5 Rg6 25. Rae1 Rd6 26. Qf3 Kf8 27. b4 Rd8 28. a3 Rc8 29. Re4 Kg7 30. Rd1 Qd6 31. Qf5 Rd8 32. Qf2 Qc7 33.
c5 bxc5 34. bxc5 f5 35. Qxf5 Qxc5 36. Qxe5+ Kg8 37. Red4 Qxa3 38. d6 Qf3+ 39. Kg1 Re6 40. Qf4 Qe2 41. Qg4+ Qxg4 42. Rxg4+ Kf8 43. Rgd4 Ke8 44.
Kf2 Kd7 45. R4d3 Rc8 46. Rf3 f6 47. Rfd3 Rc6 48. Ra1 Rexd6 49. Rxd6+ Kxd6 50. Kf3 Kc7 51. Kg4 Kb6 52. h4 a5 53. Kf5 Kb5 54. Kg6 a4 55.
Kxh6 Kb4 56. Kg7 Rc3 57. g4 Rg3 58. Kxf6 Rxg4 59. h5 Rh4 60. Kg6 a3 61. h6 Kb3 62.
h7 Kb2 63. Rxa3 Kxa3 64. Kg7 Rxh7+ 65. Kxh7 1/2-1/2

[Event "Late-Titled-Tuesday-Blitz-April-23-2024"]
[Site "Chess.com"]
[Date "2024.04.23"]
[Round "3"]
[White "twitchTriniCupid"]
[Black "GlavkonVVS"]
[Result "0-1"]
[WhiteElo "2454"]
[BlackElo "2636"]
[TimeControl "180+1"]
[EndTime "14:30:31 PDT"]
[Termination "GlavkonVVS won by resignation"]

1. d4 Nf6 2. c4 c5 3. Nf3 cxd4 4. Nxd4 Nc6 5. Nc3 d6 6. g3 e6 7. Bg2 Bd7 8. O-O a6 9. b3 Rc8 10. Bb2 Be7 11. Rc1 O-O 12. h3 Qa5 13. a3 Nxd4 14.
Qxd4 b5 15. b4 Qd8 16. cxb5 axb5 17. Rfd1 Rc4 18. Qd3 d5 19. e4 d4 20. Nxb5 Bxb5 21. Rxc4 e5 22. Qb3 Bxc4 23. Qxc4 Qa8 24. f4 Rc8 25.
Qb3 Bd6 26. fxe5 Bxe5 27. Bxd4 Bxd4+ 28. Rxd4 Qa7 29. Qe3 Re8 30. Kh2 h5 31. Bf3 h4 32.
e5 hxg3+ 33. Kxg3 Qb8 34. Qf4 Rxe5 35. Rd8+ Qxd8 36. Qxe5 Qd2 37. b5 Qc1 38. b6 Qg1+ 39.
Bg2 Qxb6 40. a4 Qb3+ 41. Bf3 Qxa4 42. h4 Qc2 43. h5 Qd2 44. Be2 Qe1+ 45. Kg2 Qh4 46. Bf3 Qc4 47. Kg3 Qc1 48. Kg2 Qd2+ 49. Kg3 Kh7 50. Qf5+ Kh6 51. Kh3 Qg5 52. Qxg5+ Kxg5 53. h6 gxh6 54. Be2 Ne4 55. Bf3 Nc3 56. Bg2 f5 57. Bf3 f4 58. Kg2 Nb5 59. Kh3 Nd4 60.
Be4 Ne6 61. Bf3 Nc5 62. Be4 h5 63. Bf3 h4 64. Bg2 Nb3 65. Be4 Nd2 66. Bd3 f3 67.
Kh2 Kg4 68. Kg1 Kg3 0-1

[Event "Late-Titled-Tuesday-Blitz-April-23-2024"]
[Site "Chess.com"]
[Date "2024.04.23"]
[Round "3"]
[White "ImportedItalianMaple"]
[Black "Navyblue1"]
[Result "1/2-1/2"]
[WhiteElo "2464"]
[BlackElo "2267"]
[TimeControl "180+1"]
[EndTime "14:30:34 PDT"]
[Termination "Game drawn by stalemate"]

1. e4 c5 2. Nf3 d6 3. Bc4 Nf6 4. d3 a6 5. a4 g6 6. O-O Bg7 7. e5 dxe5 8. Nxe5 O-O 9. Re1 e6 10. c3 Nd5 11. a5 Nd7 12. Nxd7 Bxd7 13. Nd2 Nf6 14. Ne4 Nxe4 15. dxe4 Bc6 16. Qe2 b6 17.
axb6 a5 18. Bb5 Qxb6 19. Bxc6 Qxc6 20. Qc4 Rfb8 21. Ra2 Qb5 22. Ra4 Qxc4 23. Rxc4 Rb5 24. Kf1 Bf8 25. Ke2 f6 26. Kd3 Kf7 27. Kc2 Rab8 28.
Rd1 Ke8 29. f4 Be7 30. f5 e5 31. fxg6 hxg6 32. Ra4 R8b7 33. g4 Kf7 34. h4 Rb8 35. Rd7 Ke6 36. Ra7 Rh8 37. h5 gxh5 38. gxh5 Rxh5 39. Ra6+ Kf7 40. R4xa5 Rxa5 41. Rxa5 Rh4 42.
Kd3 c4+ 43. Kxc4 Rxe4+ 44. Kd5 Re1 45. Bh6 Kg6 46. Ra7 Kxh6 47. Rxe7 Rb1 48. b4 Kg6 49. Kc5 Kf5 50. b5 e4 51. b6 Kf4 52. c4 e3 53.
Kc6 Kf3 54. c5 e2 55. b7 Kf2 56.
Kc7 e1=Q 57. Rxe1 Kxe1 58. b8=Q Rxb8 59. Kxb8 f5 60. c6 f4 61. c7 f3 62. c8=Q f2 63.
Qe6+ Kf1 64. Qg4 Ke1 65. Qg3 Kf1 66. Kc7 Ke2 67. Qe5+ Kd1 68. Qd4+ Ke1 69. Qe3+ Kf1 70. Kd6 Kg1 71. Qg3+ Kh1 72. Qh3+ Kg1 73. Qg3+ Kh1 74. Qxf2 1/2-1/2

[Event "Late-Titled-Tuesday-Blitz-April-23-2024"]
[Site "Chess.com"]
[Date "2024.04.23"]
[Round "3"]
[White "Veleamater"]
[Black "reevecanada"]
[Result "0-1"]
[WhiteElo "2440"]
[BlackElo "2618"]
[TimeControl "180+1"]
[EndTime "14:30:37 PDT"]
[Termination "reevecanada won on time"]

1. g3 d5 2. Bg2 e5 3. d3 Nf6 4. Nf3 Bd6 5. O-O O-O 6. h3 c6 7. Nc3 Nbd7 8. e4 d4 9. Ne2 b5 10. Ne1 c5 11. f4 Bb7 12. f5 c4 13. g4 Nc5 14. Ng3 Be7 15. g5 Nfd7 16. h4 f6 17. g6 Re8 18. Qh5 Nf8 19. Rf2 Bc8 20. Bf1 c3 21. b3 b4 22. Nf3 Bd7 23. Nh2 Qc8 24. Rg2 a5 25. gxh7+ Kh8 26. Ng4 Nxh7 27. Qf7 Rf8 28. Qxe7 Re8 29. Qf7 Rf8 30. Qe7 Re8 31. Qd6 Ra6 32. Qd5 Rf8 33. Nh5 Be8 34. Nxg7 Bf7 35.
Ne6 Nxe6 36. fxe6 Bxe6 37. Qb5 Bxg4 38. Bh6 Rg8 39. Kh2 Ra8 40. a3 Qc7 41. axb4 Bd7 42. Qc5 Qd8 43. Rxa5 Rc8 44. Qd6 Rc6 45. Rxg8+ Kxg8 46. Ra8 Rxd6 47. Rxd8+ Kf7 48. Be2 Kg6 49. Bc1 f5 50.
h5+ Kf6 51. exf5 Kxf5 52. Kg3 Nf6 53. Bf3 e4 54. dxe4+ Ke6 55. Bg5 Ke7 56. Bxf6+ Rxf6 57. Rg8 d3 58. cxd3 c2 59. Rg7+ Kd8 60. Rg8+ Kc7 61.
Bd1 c1=Q 62. Bf3 Qe3 0-1

[Event "Late-Titled-Tuesday-Blitz-April-23-2024"]
[Site "Chess.com"]
[Date "2024.04.23"]
[Round "3"]
[White "nabukatnezarr"]
[Black "Brahianzevich"]
[Result "0-1"]
[WhiteElo "2625"]
[BlackElo "2471"]
[TimeControl "180+1"]
[EndTime "14:30:39 PDT"]
[Termination "Brahianzevich won on time"]

1. d4 d5 2. c4 e6 3. Nc3 Bb4 4. Nf3 Nf6 5. g3 O-O 6. Bg2 dxc4 7. O-O Bxc3 8. bxc3 b5 9. a4 c6 10. Ba3 Re8 11. Qb1 Nd5 12. Rc1 a6 13. Ne5 f6 14.
Nf3 Nd7 15. Bd6 N7b6 16. Bc5 Nxa4 17. Rxa4 bxa4 18. Qa2 Qa5 19. Qxc4 Qb5 20. Qa2 Qb3 21. Qa1 Rb8 22. Ba3 a5 23. Nd2 Qb6 24. e4 Nc7 25. Nc4 Qa6 26. Bf1 Nb5 27. Bc5 Qa8 28. Qxa4 Ba6 29. Qxa5 Qb7 30. Ra1 Ra8 31. Rb1 Qc7 32.
Qb4 Reb8 33. Rc1 Nxd4 34. cxd4 Rxb4 35. Bxb4 Bb5 36. Bc5 Ra2 37. Bd6 Qa7 38. Bc5 Qa6 39. Ne3 Bxf1 40. Rxf1 Qe2 41. Kg2 h5 42. h4 Ra3 43. Bxa3 Qd3 44. Bc5 Qxe4+ 45. Kg1 g5 46.
hxg5 fxg5 47. Ng2 h4 48. gxh4 gxh4 49. f3 Qg6 50. Kh2 Qg3+ 51. Kh1 h3 52. Ne3 Kf7 53. d5 cxd5 54. Bd4 Ke8 55. Bf6 Qf4 56. Bc3 Qg3 57. Be1 Qf4 58. Nd1 d4 0-1

[Event "Late-Titled-Tuesday-Blitz-April-23-2024"]
[Site "Chess.com"]
[Date "2024.04.23"]
[Round "3"]
[White "PepeCuenca"]
[Black "Polish_fighter3000"]
[Result "1/2-1/2"]
[WhiteElo "2825"]
[BlackElo "3114"]
[TimeControl "180+1"]
[EndTime "14:30:40 PDT"]
[Termination "Game drawn by repetition"]

1. d4 d5 2. Bf4 Bf5 3. e3 e6 4.
c4 Bxb1 5. Qa4+ Nc6 6. Rxb1 Bb4+ 7. Kd1 Ne7 8. Nf3 dxc4 9. Bxc4 O-O 10. Ke2 a6 11. Qc2 Bd6 12. Bg3 Nf5 13. Rbd1 Qf6 14. a3 h5 15. Bd3 Rfe8 16. Be4 h4 17. Bxf5 hxg3 18. Be4 gxf2 19. Bxc6 bxc6 20. Qxc6 Rab8 21. Rd2 e5 22. dxe5 Bxe5 23. Qxf6 Bxf6 24. b4 c5 25. bxc5 Rb3 26. Rd3 Rb2+ 27. Rd2 Rb3 28. Rd3 Rxd3 29. Kxd3 Rc8 30. Nd2 Rxc5 31. Ne4 Rf5 32. Rf1 Be7 33. a4 Rd5+ 34. Kc4 Ra5 35. Nc3 Rf5 36. Ne4 Ra5 37.
Nc3 Re5 38. Nd5 Bg5 39. Rxf2 Re4+ 40. Kb3 Re5 41. Kc4 Re4+ 42. Kb3 Re5 43. Rd2 Bxe3 44. Nxe3 Rxe3+ 45. Kb4 Re5 46. Rc2 a5+ 47. Kb3 g5 48. Kc4 f5 49. Rd2 Kf7 50. Rd5 Re4+ 51. Kb5 Ke6 52.
Rc5 Re2 53. g4 fxg4 54. Rxg5 Rg2 55. Kxa5 Kf6 56. Rg8 Kf7 57. Rg5 Kf6 58. Rg8 Kf7 59. Rg5 Kf6 1/2-1/2

[Event "Late-Titled-Tuesday-Blitz-April-23-2024"]
[Site "Chess.com"]
[Date "2024.04.23"]
[Round "3"]
[White "MarcoRiehle"]
[Black "BogdanDeac"]
[Result "1/2-1/2"]
[WhiteElo "2795"]
[BlackElo "3047"]
[TimeControl "180+1"]
[EndTime "14:30:40 PDT"]
[Termination "Game drawn by stalemate"]

1. e4 c5 2. a3 Nf6 3. e5 Nd5 4. c4 Nc7 5. b4 d6 6. exd6 Qxd6 7.
Bb2 e5 8. Nc3 cxb4 9. Ne4 Qg6 10. Bd3 Nc6 11. Ne2 bxa3 12. Rxa3 Be7 13. O-O f5 14. N4g3 O-O 15. Ra1 Be6 16. Re1 Rad8 17. Qb3 b6 18. Bc2 Rxd2 19. Bc3 Rd7 20. Nc1 Bc5 21. Nd3 Bd4 22. Nxe5 Bxe5 23. Bxe5 Nxe5 24. Rxe5 Qf6 25. Rae1 g6 26. Qa4 Rfd8 27. h3 Bf7 28.
Qxa7 Nd5 29. Qa3 Nf4 30. Qf3 Ne6 31. Ba4 Nd4 32. Qc3 Rc7 33. Bb3 b5 34. c5 Nxb3 35. Re8+ Rxe8 36. Qxf6 Rxe1+ 37. Kh2 Re8 38. Qb6 Rxc5 39. h4 f4 40. Nf1 Rh5 41. g3 fxg3+ 42.
fxg3 Re2+ 43. Kg1 Re8 44. Kg2 Rhe5 45. Nh2 Bd5+ 46. Kh3 Be6+ 47. Kg2 Re2+ 48. Kg1 Nd2 49. Qxb5 Bc4 50. Qc5 Re1+ 51. Kg2 R8e2+ 52. Kh3 Be6+ 53. Ng4 h5 54. Qc8+ Kf7 55. Qf8+ Kxf8 1/2-1/2

[Event "Late-Titled-Tuesday-Blitz-April-23-2024"]
[Site "Chess.com"]
[Date "2024.04.23"]
[Round "3"]
[White "samidescalona2002"]
[Black "MathiasWomacka"]
[Result "1-0"]
[WhiteElo "2766"]
[BlackElo "2518"]
[TimeControl "180+1"]
[EndTime "14:30:40 PDT"]
[Termination "samidescalona2002 won on time"]

1. d4 Nf6 2. Nf3 e6 3. c4 Bb4+ 4. Bd2 Qe7 5. g3 Bxd2+ 6. Nbxd2 d6 7. Bg2 e5 8. e3 O-O 9. O-O Nc6 10. Rc1 Bg4 11. h3 Bh5 12. Qb3 Rab8 13. c5 dxc5 14.
dxe5 Nxe5 15. Nxe5 Qxe5 16. g4 Bxg4 17. hxg4 Nxg4 18.
Nf3 Qh5 19. Rfd1 b6 20. Qd5 Qh6 21. Qg5 Qxg5 22. Nxg5 h6 23. Ne4 Rfd8 24. Nc3 Ne5 25. Nd5 Kf8 26. Nxc7 Nd3 27. Rb1 Rd7 28. Nd5 Ne5 29. f4 Nc4 30. b3 Na5 31. Nc3 Rbd8 32. Rxd7 Rxd7 33. Rd1 Rxd1+ 34. Nxd1 Ke7 35. Nc3 g5 36.
Nb5 a6 37. Nc7 gxf4 38. exf4 Kd6 39. Nxa6 c4 40. bxc4 Nxc4 41. Kf2 Nb2 42. Ke3 h5 43. Nb4 h4 44. Nd3 Nc4+ 45. Kd4 Na3 46. Ne5 Nc2+ 47. Ke4 Nb4 48. a4 f6 49. Ng4 Ke6 50. Ne3 Na2 51. Bh3+ Kd6 52. Kd4 Nb4 53. Nc4+ Kc6 54. Bg2+ Kc7 55.
Ne3 Na2 56. Nd5+ Kd6 57. Nxf6 Nc1 58. Ne4+ Ke6 59. Bh3+ Kf7 60. Ke5 Nb3 61. Kd6 Nd4 62. Ke5 1-0

[Event "Late-Titled-Tuesday-Blitz-April-23-2024"]
[Site "Chess.com"]
[Date "2024.04.23"]
[Round "3"]
[White "Smiechu"]
[Black "andrew-blr"]
[Result "0-1"]
[WhiteElo "2440"]
[BlackElo "2618"]
[TimeControl "180+1"]
[EndTime "14:30:42 PDT"]
[Termination "andrew-blr won by checkmate"]

1. e4 c5 2. Nf3 e6 3. d4 cxd4 4. Nxd4 Bc5 5. Nb3 Bb6 6. Nc3 Ne7 7. Qe2 O-O 8. Be3 Bxe3 9. Qxe3 f5 10. O-O-O Nbc6 11. Bd3 fxe4 12. Bxe4 d5 13. Qh3 Nf5 14. g4 Qg5+ 15. Kb1 dxe4 16. gxf5 exf5 17. Rhg1 Qe7 18.
Nd5 Qf7 19. f4 exf3 20. Qxf3 Be6 21. Nf4 Bxb3 22. axb3 Rad8 23. Nh5 Rxd1+ 24. Qxd1 g6 25. Nf4 Rd8 26. Qf1 Ne5 27. h4 Ng4 28. h5 g5 29.
Nd3 Rf8 30. Qf3 Qxh5 31. Ne5 Qh2 32. Qd5+ Kh8 33. Ng6+ Kg7 34. Rh1 Qxh1+ 35. Qxh1 Kxg6 36. Qxb7 Rf7 37. Qc6+ Nf6 38. c4 g4 39. c5 h5 40.
Qd6 h4 41. c6 h3 42. c7 Rxc7 43. Qxc7 Ne4 44. Qxa7 g3 45. Qb6+ Kh5 46. Qe6 Kg4 47. Qg6+ Ng5 48. Qd6 h2 49. Qd4+ Ne4 50. Qd1+ Kh3 51.
Qf1+ Kg4 52. Qe2+ Kh4 53. Qf1 Nf2 54. Qc4+ Kh3 55. Qf1+ g2 56. Qxf2 g1=Q+ 57. Qxg1 hxg1=Q+ 58. Ka2 Qb6 59. b4 f4 60. Ka3 f3 61. b3 f2 62. Ka4 f1=Q 63. b5 Qfxb5+ 64. Ka3 Qxb3# 0-1

[Event "Late-Titled-Tuesday-Blitz-April-23-2024"]
[Site "Chess.com"]
[Date "2024.04.23"]
[Round "3"]
[White "Pig-filth"]
[Black "FuenfgegenWilly"]
[Result "1/2-1/2"]
[WhiteElo "2245"]
[BlackElo "2465"]
[TimeControl "180+1"]
[EndTime "14:30:42 PDT"]
[Termination "Game drawn by repetition"]

1. d4 d5 2. Bg5 f6 3. Bd2 e5 4. e4 exd4 5. Qh5+ g6 6. Qxd5 Qxd5 7. exd5 Bc5 8. Nf3 Ne7 9. Bc4 Bg4 10. Bh6 Nf5 11. Bd2 Bxf3 12. gxf3 Nd7 13. f4 Nb6 14.
Bb3 a5 15. a4 d3 16. Bc3 dxc2 17.
Bxc2 Kf7 18. O-O Nxd5 19. Bb3 c6 20. Nd2 Rhd8 21. Ne4 Be7 22. Rad1 Kg7 23. Bd2 Bb4 24. Bc1 Re8 25. Ng3 Rad8 26. Nxf5+ gxf5 27. Bxd5 cxd5 28. Be3 Re4 29. Rd3 d4 30. Rfd1 Bc5 31. Kg2 Rc8 32.
Bxd4 Rxf4 33. Bxc5 Rxc5 34. Rd7+ Kg6 35. Rxb7 Rg4+ 36. Kf3 Rxa4 37. Rdd7 f4 38. Rxh7 Rd5 39. Rbg7+ Kf5 40. Rd7 Rxd7 41. Rxd7 Rb4 42. Rd2 Ke5 43. h4 Rb3+ 44. Kg4 f5+ 45. Kg5 a4 46. h5 Rh3 47.
Re2+ Kd4 48. h6 f3 49. Re3 Rh1 50. Kxf5 Rxh6 51. Rxf3 Rb6 52. Rf4+ Kd5 53. Rxa4 Rxb2 54. f4 Kd6 55. Ra6+ Ke7 56. Re6+ Kf7 57. Re5 Rb6 58. Rd5 Ra6 59. Re5 Rb6 60. Rd5 Ra6 61. Re5 Rb6 1/2-1/2

[Event "Late-Titled-Tuesday-Blitz-April-23-2024"]
[Site "Chess.com"]
[Date "2024.04.23"]
[Round "3"]
[White "DamianoLew95"]
[Black "DanielNaroditsky"]
[Result "0-1"]
[WhiteElo "2739"]
[BlackElo "2967"]
[TimeControl "180+1"]
[EndTime "14:30:43 PDT"]
[Termination "DanielNaroditsky won by resignation"]

1. e4 c5 2. Nf3 Nf6 3. e5 Nd5 4.
Nc3 e6 5. Nxd5 exd5 6. d4 Nc6 7. dxc5 Bxc5 8. Bd3 d6 9. exd6 O-O 10. O-O Qxd6 11. h3 h6 12. Re1 Bxh3 13. gxh3 Qg3+ 14. Kh1 Bxf2 15. Rf1 Qxh3+ 16. Nh2 Bg3 17. Qe2 Rae8 18. Qg2 Qh4 19. Rg1 Be5 20. Bd2 Re6 21. Rae1 Bd4 22.
Rgf1 Rfe8 23. Rxe6 Rxe6 24. Qxd5 Be5 25. Qg2 Bxb2 26.
c3 Ba3 27. Rf4 Re1+ 28. Bf1 Qg5 29. Rg4 Rxf1+ 30. Nxf1 Qh5+ 31. Nh2 Bf8 32. Qf3 Qb5 33. Bxh6 Ne5 34. Qf5 Qc6+ 35. Rg2 Ng6 36. Be3 Qxg2+ 37. Kxg2 Nh4+ 38. Kf2 Nxf5 39. Bxa7 Nd6 40. Bd4 f6 41.
Nf3 Kf7 42. Ke3 Ke6 43. Nd2 g5 44. Kd3 f5 45. Bc5 Be7 46. Bb4 g4 47. Nb3 Nf7 48. Nd4+ Kf6 49. Bxe7+ Kxe7 50. Nxf5+ Kf6 51. Ng3 Ke5 52.
Ke3 Nd6 53. Ne2 Nf5+ 54. Kd3 g3 55. Nxg3 Nxg3 56. Kc4 Kd6 57. Kb5 Kc7 58. a4 Nf5 59. a5 Nd6+ 60. Kc5 Nc8 61. Kb5 Na7+ 62. Kc5 Nc6 63. Kb5 Nb8 64. c4 Na6 65. c5 Nb8 66.
Kc4 Kc6 67. Kb4 Na6+ 68. Kc4 Nxc5 0-1

[Event "Late-Titled-Tuesday-Blitz-April-23-2024"]
[Site "Chess.com"]
[Date "2024.04.23"]
[Round "3"]
[White "JoakimVonAnd"]
[Black "MeisterJabo"]
[Result "1-0"]
[WhiteElo "2691"]
[BlackElo "2502"]
[TimeControl "180+1"]
[EndTime "14:30:43 PDT"]
[Termination "JoakimVonAnd won on time"]

1. Nf3 Nf6 2. c4 c5 3. Nc3 Nc6 4. d4 cxd4 5. Nxd4 g6 6. e4 d6 7. Be3 Ng4 8. Nxc6 Nxe3 9. Nxd8 Nxd1 10. Rxd1 Kxd8 11. c5 Be6 12. cxd6 exd6 13. Be2 a6 14. O-O Ke7 15. f4 f5 16. exf5 gxf5 17. Bf3 Bg7 18. Rfe1 Kd7 19. Bxb7 Rab8 20. Bd5 Rhe8 21. Rd2 Bxc3 22.
bxc3 Bxd5 23. Rxe8 Rxe8 24. Rxd5 Ke6 25. Ra5 Rc8 26.
Rxa6 Rxc3 27. Ra7 Rc2 28. h3 Kd5 29. Rxh7 Rxa2 30. Re7 Ra4 31. g3 Ra2 32. Kf1 Kd4 33. Re2 Ra3 34. Kf2 d5 35. h4 Ra1 36. Re5 Ra2+ 37. Kf3 Ra3+ 38. Kg2 Ra2+ 39. Kh3 Ra1 40. Rxf5 Kc4 41. Rf8 d4 42. Rc8+ Kd3 43. Rd8 Ke4 44. Kg4 Ra7 45. Re8+ Kd3 46. h5 Kc2 47. Rd8 d3 48. h6 d2 49. Kg5 Ra5+ 50. f5 Ra3 51. g4 Rd3 52. Rc8+ Kb3 53. Rb8+ Kc2 54. Rc8+ Rc3 55.
Rxc3+ Kxc3 56. h7 d1=Q 57. h8=Q+ Kc2 58. Qc8+ Kb3 59. Qb7+ Ka2 60. Qa6+ Kb1 61. Qb5+ Ka2 62. Qc4+ Kb1 63. Qb4+ Ka2 64. Qc4+ Kb1 65. Qb4+ Ka2 66. f6 Qc1+ 67. Kg6 Qc2+ 68. Kg7 Qc8 69. f7 1-0

[Event "Late-Titled-Tuesday-Blitz-April-23-2024"]
[Site "Chess.com"]
[Date "2024.04.23"]
[Round "3"]
[White "LikeWater"]
[Black "kylelancman"]
[Result "1-0"]
[WhiteElo "2661"]
[BlackElo "2476"]
[TimeControl "180+1"]
[EndTime "14:30:46 PDT"]
[Termination "LikeWater won by resignation"]

1. Nf3 c5 2. e4 g6 3. d4 cxd4 4.
Qxd4 Nf6 5. e5 Nc6 6. Qa4 Nd5 7.
Qb3 Nb6 8. Nc3 Bg7 9. Bf4 d5 10. exd6 Be6 11. Qb5 O-O 12. O-O-O exd6 13. Bxd6 Re8 14.
Be5 Bh6+ 15. Kb1 Qc8 16. Ne4 Nxe5 17. Nxe5 Bg7 18. Nd6 Qb8 19. Nxe8 Qxe5 20. Nxg7 Qxg7 21. Be2 Rc8 22. h4 Qf6 23. h5 a6 24. Qb4 Nd5 25. Qd2 g5 26. h6 Nf4 27. g3 Bf5 28. Rc1 Ne6 29. Bd3 Bg4 30. Rhe1 Nd4 31. Be4 Be6 32. c3 Nb5 33. Bxb7 Rb8 34. Bxa6 Na3+ 35.
Ka1 Ra8 36. bxa3 Rxa6 37. Qb2 Ra8 38. c4 Qxb2+ 39. Kxb2 Rb8+ 40. Kc3 Ra8 41. Kb4 Rb8+ 42. Kc3 Ra8 43. Kd2 Rxa3 44. c5 Rxa2+ 45. Rc2 Ra8 46. c6 Kf8 47. c7 Rc8 48. Re5 g4 49. Ke3 Ke7 50. Rb5 Kf6 51. Rb8 Ke7 52. Rxc8 Bxc8 53.
Rd2 Bd7 54. Kf4 f6 55. Rb2 Bc8 56. Rd2 Bd7 57. Rb2 Bc8 58. Rb6 Bd7 59. Rb8 1-0